 Dungeon Crawl Stone Soup version 0.22.0-38-g04b72b8 (webtiles) character file.

708358 poirepourri the Slayer (level 27, -4/212 HPs)
             Began as a Minotaur Fighter on Aug 28, 2018.
             Was the Champion of Qazlal.
             Slain by a purple draconian
             ... wielding a +0 halberd
              (14 damage)
             ... on level 5 of the Realm of Zot.
             The game lasted 01:48:50 (62534 turns).

poirepourri the Slayer (Minotaur Fighter)          Turns: 62534, Time: 01:48:51

Health: -4/212     AC: 26    Str: 36      XL:     27
Magic:  30/30      EV: 35    Int:  8 (9)  God:    Qazlal [******]
Gold:   5401       SH: 34    Dex: 27      Spells: 26/26 levels left

rFire    + . .     SeeInvis +   a - +0 war axe of Exoneration {vamp, Str+9 Dex+3 SInv}
rCold    + . .     Gourm    .   c - +5 shield
rNeg     + + .     Faith    .   S - +1 ring mail of Duty {rN+ Int+4}
rPois    +         Spirit   .   p - +2 hat
rElec    .         Reflect  .   g - +2 cloak of the Abyss {Regen+}
rCorr    .         Harm     .   H - +1 pair of gloves of Wrong Decisions {rF+}
MR       ++...     Clarity  +   B - +2 pair of boots
Stlth    +.........             (no amulet)
HPRegen  0.85/turn              D - ring "Muyfij" {rC+ rN+ Dex+3}
MPRegen  0.22/turn              m - ring "Refeypipn" {*Contam rPois AC+6 Str+4 Slay+3}

@: about to teleport, protected from physical damage, corroded, drained, repel
missiles
A: retaliatory headbutt, horns 2, molten scales 1, clarity, deterioration 1,
frail 2, low mp 1, sense surroundings 1, MP-powered wands
}: 3/15 runes: barnacled, silver, gossamer
a: Upheaval, Elemental Force, Disaster Area, Renounce Religion


You were on level 5 of the Realm of Zot.
You worshipped Qazlal.
Qazlal was exalted by your worship.
You were full.

You visited 13 branches of the dungeon, and saw 56 of its levels.
You visited the Abyss 1 time.
You visited 1 bazaar.
You also visited: Sewer, Ice Cave and Volcano.

You collected 8357 gold pieces.
You spent 2956 gold pieces at shops.

Inventory:

Hand Weapons
 a - the +0 war axe of Exoneration (weapon) {vamp, Str+9 Dex+3 SInv}
   (You found it on level 6 of the Lair of Beasts)

   It inflicts no extra harm, but heals its wielder when it wounds a living foe.
   It affects your strength (+9).
   It affects your dexterity (+3).
   It lets you see invisible.
 b - a +5 hand crossbow of flaming
Missiles
 h - 1431 bolts
 o - 41 javelins (quivered)
 z - 76 tomahawks
 J - 9 throwing nets
Armour
 c - a +5 shield (worn)
 g - the +2 cloak of the Abyss (worn) {Regen+}
   (You bought it in a shop in a bazaar)

   It increases your rate of regeneration.
 p - a +2 hat (worn)
 t - a +2 large shield of reflection
 B - a +2 pair of boots (worn)
 H - the +1 pair of gloves of Wrong Decisions (worn) {rF+}
   (You acquired it in a bazaar)

   It protects you from fire.
 Q - +3 fire dragon scales
 S - the +1 ring mail of Duty (worn) {rN+ Int+4}
   (You found it on level 3 of the Elven Halls)

   It affects your intelligence (+4).
   It protects you from negative energy.
Jewellery
 d - the ring "Vaecotet" {rN+ Dex+3}
   (You found it on level 3 of the Crypt)

   [ring of positive energy]

   It affects your dexterity (+3).
   It protects you from negative energy.
 k - an uncursed ring of protection from fire
 m - the ring "Refeypipn" (right hand) {*Contam rPois AC+6 Str+4 Slay+3}
   (You took it off a deep elf death mage on level 3 of the Elven Halls)

   [ring of protection]

   It affects your AC (+6).
   It affects your strength (+4).
   It affects your accuracy and damage with ranged weapons and melee attacks
   (+3).
   It protects you from poison.
   It causes magical contamination when unequipped.
 v - the ring of Mikewurr {*Drain rElec rN+ Str+5 Int+3}
   (You found it on level 3 of the Crypt)

   [ring of positive energy]

   It affects your strength (+5).
   It affects your intelligence (+3).
   It insulates you from electricity.
   It protects you from negative energy.
   It causes draining when unequipped.
 D - the ring "Muyfij" (left hand) {rC+ rN+ Dex+3}
   (You found it on level 3 of the Crypt)

   [ring of positive energy]

   It affects your dexterity (+3).
   It protects you from cold.
   It protects you from negative energy.
 K - an uncursed ring of resist corrosion
 M - an uncursed ring of flight
 V - a +4 ring of dexterity
 X - an uncursed ring of fire
Wands
 q - a wand of iceblast (1)
 w - a wand of random effects (83)
 x - a wand of disintegration (32)
 E - a wand of acid (8)
 I - a wand of flame (113)
 N - a wand of enslavement (30)
 P - a wand of scattershot (8)
 T - a wand of paralysis (35)
 Y - a wand of digging (23)
Scrolls
 e - 27 scrolls of remove curse
 i - 23 scrolls of teleportation
 u - a scroll of holy word
 y - 12 scrolls of magic mapping
 C - a scroll of enchant weapon
 F - 2 scrolls of brand weapon
 O - a scroll of torment
 U - 7 scrolls of identify
Potions
 j - 2 potions of cancellation
 l - a potion of agility
 n - 8 potions of lignification
 s - 3 potions of resistance
 A - 9 potions of flight
 G - 8 potions of haste
 L - 4 potions of might
 R - a potion of berserk rage
 W - a potion of mutation
Comestibles
 f - 37 rations


   Skills:
 - Level 25.5(25.4) Fighting
 - Level 24.1(23.9) Axes
 - Level 19.5(19.3) Armour
 - Level 23.3(23.2) Dodging
 + Level 25.5(25.4) Shields
 - Level 17.0(16.9) Invocations
 - Level 17.0(16.9) Evocations


You had 26 spell levels left.
You didn't know any spells.
Your spell library contained the following spells:

 Spells                   Type           Power        Failure   Level  Hunger
 Animate Skeleton         Necr           N/A          45%         1    ##.....
 Apportation              Tloc           #.....       45%         1    ##.....
 Beastly Appendage        Tmut           #.....       45%         1    ##.....
 Confusing Touch          Hex            #.....       45%         1    ##.....
 Corona                   Hex            #......      45%         1    ##.....
 Infusion                 Chrm           #...         45%         1    ##.....
 Pain                     Necr           #...         45%         1    ##.....
 Sandblast                Erth           #.....       45%         1    ##.....
 Shock                    Conj/Air       #...         45%         1    ##.....
 Sting                    Conj/Pois      #...         45%         1    ##.....
 Summon Small Mammal      Summ           #...         45%         1    ##.....
 Call Imp                 Summ           #.......     61%         2    ###....
 Corpse Rot               Necr           N/A          61%         2    ###....
 Ensorcelled Hibernation  Hex/Ice        #.....       61%         2    ###....
 Passwall                 Tmut/Erth      #.......     61%         2    ###....
 Poisonous Vapours        Pois/Air       #.....       61%         2    ###....
 Shroud of Golubria       Chrm/Tloc      #.........   61%         2    ###....
 Slow                     Hex            #.......     61%         2    ###....
 Song of Slaying          Chrm           #.......     61%         2    ###....
 Sticks to Snakes         Tmut           #.......     61%         2    ###....
 Sublimation of Blood     Necr           #.........   61%         2    ###....
 Swiftness                Chrm/Air       #.......     61%         2    ###....
 Throw Flame              Conj/Fire      #.....       61%         2    ###....
 Call Canine Familiar     Summ           #.......     83%         3    ####...
 Confuse                  Hex            #.......     83%         3    ####...
 Gell's Gravitas          Tloc           #.........   83%         3    ####...
 Ignite Poison            Fire/Tmut/Pois #.......     83%         3    ####...
 Inner Flame              Hex/Fire       #.......     83%         3    ####...
 Mephitic Cloud           Conj/Pois/Air  #.......     83%         3    ####...
 Portal Projectile        Hex/Tloc       #.....       83%         3    ####...
 Recall                   Summ/Tloc      N/A          83%         3    ####...
 Regeneration             Chrm/Necr      #.........   83%         3    ####...
 Spectral Weapon          Hex/Chrm       #.......     83%         3    ####...
 Spider Form              Tmut/Pois      #.........   83%         3    ####...
 Stone Arrow              Conj/Erth      #.....       83%         3    ####...
 Summon Guardian Golem    Hex/Summ       #.......     83%         3    ####...
 Vampiric Draining        Necr           #.........   83%         3    ####...
 Animate Dead             Necr           N/A          99%         4    #####..
 Cause Fear               Hex            #.........   99%         4    #####..
 Force Lance              Conj/Tloc      #.......     99%         4    #####..
 Ice Form                 Ice/Tmut       #.......     99%         4    #####..
 Leda's Liquefaction      Hex/Erth       #.........   99%         4    #####..
 Olgreb's Toxic Radiance  Pois           #.......     99%         4    #####..
 Petrify                  Tmut/Erth      #.......     99%         4    #####..
 Sticky Flame             Conj/Fire      #.......     99%         4    #####..
 Summon Ice Beast         Ice/Summ       #.......     99%         4    #####..
 Summon Lightning Spire   Summ/Air       #.......     99%         4    #####..
 Agony                    Necr           #.......     100%        5    ######.
 Blade Hands              Tmut           #.........   100%        5    ######.
 Bolt of Draining         Conj/Necr      #.........   100%        5    ######.
 Borgnjor's Vile Clutch   Necr/Erth      #.........   100%        5    ######.
 Dispel Undead            Necr           #.......     100%        5    ######.
 Excruciating Wounds      Chrm/Necr      #.........   100%        5    ######.
 Fireball                 Conj/Fire      #.........   100%        5    ######.
 Irradiate                Conj/Tmut      #.........   100%        5    ######.
 Lee's Rapid Deconstruct  Erth           #.........   100%        5    ######.
 Lightning Bolt           Conj/Air       #.........   100%        5    ######.
 Metabolic Englaciation   Hex/Ice        #.........   100%        5    ######.
 Silence                  Hex/Air        #.........   100%        5    ######.
 Summon Forest            Summ/Tloc      #.........   100%        5    ######.
 Venom Bolt               Conj/Pois      #.........   100%        5    ######.
 Yara's Violent Unravell  Hex/Tmut       #.........   100%        5    ######.
 Bolt of Cold             Conj/Ice       #.........   100%        6    #######
 Bolt of Fire             Conj/Fire      #.........   100%        6    #######
 Conjure Ball Lightning   Conj/Air       #.........   100%        6    #######
 Darkness                 Hex            #.........   100%        6    #######
 Death Channel            Necr           #.........   100%        6    #######
 Deflect Missiles         Chrm/Air       #.........   100%        6    #######
 Dispersal                Tloc           #.........   100%        6    #######
 Freezing Cloud           Conj/Ice/Air   #.........   100%        6    #######
 Invisibility             Hex            #.......     100%        6    #######
 Iron Shot                Conj/Erth      #.........   100%        6    #######
 Ozocubu's Refrigeration  Ice            #.........   100%        6    #######
 Poison Arrow             Conj/Pois      #.........   100%        6    #######
 Shadow Creatures         Summ           N/A          100%        6    #######
 Simulacrum               Ice/Necr       #.........   100%        6    #######
 Statue Form              Tmut/Erth      #........    100%        6    #######
 Haunt                    Necr/Summ      #.........   100%        7    #######
 Malign Gateway           Summ/Tloc      #.........   100%        7    #######
 Monstrous Menagerie      Summ           #.........   100%        7    #######
 Ring of Flames           Chrm/Fire      #.........   100%        7    #######
 Summon Greater Demon     Summ           #.........   100%        7    #######
 Chain Lightning          Conj/Air       #.........   100%        8    #######
 Discord                  Hex            #.........   100%        8    #######
 Ignition                 Fire           #.........   100%        8    #######
 Lehudib's Crystal Spear  Conj/Erth      #.........   100%        8    #######
 Summon Horrible Things   Summ           #.........   100%        8    #######
 Fire Storm               Conj/Fire      #.........   100%        9    #######
 Glaciate                 Conj/Ice       #.........   100%        9    #######
 Shatter                  Erth           #.........   100%        9    #######
 Tornado                  Air            #.........   100%        9    #######


Dungeon Overview and Level Annotations

Branches:
Dungeon (15/15)            Temple (1/1) D:7            Lair (6/6) D:10
 Shoals (4/4) Lair:2       Spider (4/4) Lair:3        Slime (0/5) Lair:5
    Orc (2/2) D:9             Elf (3/3) Orc:2        Vaults (5/5) D:13
  Crypt (3/3) Vaults:3       Tomb (0/3) Crypt:3      Depths (5/5) D:15
   Hell (1/1)                 Dis (0/7) Hell            Geh (2/7) Hell
    Coc (0/7) Hell            Tar (0/7) Hell            Zot (5/5) Depths:5

Altars:
Ashenzari
Cheibriados
Dithmenos
Elyvilon
Fedhas
Gozag
Hepliaklqana
Kikubaaqudgha
Makhleb
Nemelex Xobeh
Okawaru
Qazlal
Ru
Sif Muna
Trog
Uskayaw
Vehumet
Wu Jian
Xom
Yredelemnul
Zin
The Shining One
Beogh
Jiyva
Lugonu

Shops:
D:4 [   D:5 }   Orc:1 !   Orc:2 ?=}}   Elf:1 ?   Shoals:2 (?   Vaults:3 !
Depths:2 }

Portals:
Hell: Depths:1 Depths:2 Depths:3 Depths:4 Depths:5
Abyss: Depths:2 Depths:4 Depths:5
Pandemonium: Depths:1 Depths:3
Ziggurat: Depths:1
Trove: D:14 (give 2 scrolls of acquirement)

Annotations:
Lair:1 1 runed door, iamserjio's ghost, journeyman TeHu
Vaults:1 exclusion: obsidian statue
Depths:1 1 runed door
Depths:3 3 runed doors, Ozeaf's ghost, veteran DEHu


Innate Abilities, Weirdness & Mutations

You reflexively headbutt those who attack you in melee.
You have a pair of horns on your head.
You are partially covered in molten scales. (AC +2)
You possess an exceptional clarity of mind.
Your body sometimes deteriorates upon taking damage.
You are very frail. (-20% HP)
Your magical capacity is low. (-10% MP)
You passively map a small area around you.
You expend magic power (3 MP) to strengthen your wands.


Message History

Unknown command.
You feel better. You block the green draconian's attack.
The purple draconian hits you with a long sword!
* * * LOW HITPOINT WARNING * * *
You block the ancient lich's attack.
The purple draconian completely misses you.
Unknown command.
Unknown command.
Unknown command.
You feel better.
The green draconian completely misses you.
The ancient lich touches you!
* * * LOW HITPOINT WARNING * * *
You partially resist.
You feel drained.
* * * LOW HITPOINT WARNING * * *
Unknown command.
You feel better.
An Orb Guardian comes into view.
The purple draconian hits you from afar with a halberd!
You die...

▓▓▓▓▓▓▓▓▓▓▓
..........▓▓▓▓
.............▓▓▓
...............▓▓ ,
....(...........▓ ▓▓▓▓▓
................▓*▓.....
,
...............§▓▓§.....
* ,
................▓*d.....
..............§.@Ld...0X
,
..............§.▓d......,
,
..............§.▓▓§.....
,
................▓*▓.....
................# ▓▓▓▓▓ *
...............##
.............▓## ........
.▓▓▓ * .##▓▓#▓#▓▓▓▓▓▓# *


You could see an orb of fire, an ancient lich, a green draconian, 2 draconians
and an Orb Guardian (wandering).

Vanquished Creatures
  7 ancient liches
  Mara (Crypt:1)
  Mennas (Crypt:2)
  4 orbs of fire
  Sojobo (Depths:1)
  Boris (Crypt:2)
  A greater mummy (Crypt:3)
  Bai Suzhen (Crypt:1)
  Geryon (Hell)
  Xtahua (Crypt:1)
  5 curse toes
  Nikola (Shoals:1)
  A caustic shrike (Depths:3)
  5 golden dragons
  A bone dragon (Depths:5)
  7 electric golems
  4 Brimstone Fiends
  20 Orb Guardians (Zot:5)
  Rupert (Lair:4)
  15 tentacled monstrosities
  5 liches
  A shard shrike skeleton (Crypt:1)
  The ghost of Ajyxzof the Slayer, an adept MiBe of Trog (Spider:2)
  2 deep elf master archers (Elf:3)
  Polyphemus (Shoals:2)
  An eldritch tentacle (Geh:2)
  3 deep elf blademasters
  Murray (Depths:1)
  8 titans
  7 quicksilver dragons
  A kraken (Shoals:1)
  5 death cobs
  2 tentacled starspawn (Abyss:5)
  Gastronok (Lair:2)
  2 ancient champions
  4 sphinxes
  Kirke (Lair:4)
  10 draconian monks
  15 tengu reavers
  11 storm dragons
  Donald (Elf:1)
  17 shadow dragons
  Ilsuiw (Shoals:4)
  Roxanne (Spider:2)
  An azure jelly (shapeshifter) (Vaults:5)
  8 vault wardens
  7 draconian knights
  8 deep elf sorcerers
  6 ghost moths
  11 frost giants
  5 fire giants
  2 orc warlords
  3 balrugs
  Louise (Depths:5)
  2 iron dragons
  15 ironheart preservers
  2 cacodemons
  2 draconian scorchers
  2 curse skulls
  8 emperor scorpions
  2 deep elf elementalists (Vaults:5)
  8 ghouls
  A juggernaut zombie (Depths:2)
  2 spriggan defenders
  A caustic shrike skeleton (Depths:4)
  8 draconian shifters
  6 draconian annihilators
  8 draconian stormcallers
  5 war gargoyles
  29 very ugly things
  6 vampire knights
  3 reapers
  23 stone giants
  8 entropy weavers
  8 green draconians
  A lorocyproca (Geh:2)
  7 deep elf demonologists (Elf:3)
  12 black draconians
  5 deep elf annihilators
  9 red draconians
  11 purple draconians
  15 yellow draconians
  8 small abominations
  15 spark wasps
  13 white draconians
  14 deep elf death magi
  5 merfolk javelineers (Shoals:4)
  5 eidola
  14 ettins
  Josephine (D:11)
  4 mummy priests (Crypt:3)
  2 jiangshi (Crypt:2)
  4 deep elf high priests
  9 great orbs of eyes
  6 merfolk impalers
  A kraken zombie (Hell)
  25 vault guards
  11 fire dragons
  17 yaktaur captains
  Fannar (D:12)
  3 rakshasas
  2 hydras
  5 spriggan air magi
  8 ice dragons
  A hell beast (Depths:4)
  2 merfolk avatars
  A catoblepas (Shoals:2)
  A two-headed ogre (shapeshifter) (Depths:4)
  4 satyrs
  An alligator snapping turtle (Shoals:1)
  27 dancing weapons
  5 merfolk aquamancers (Shoals:4)
  A queen ant (shapeshifter) (Elf:2)
  11 ogre magi
  23 two-headed ogres
  5 starcursed masses
  5 death knights
  9 centaur warriors
  6 deep troll shamans
  3 hell hogs (Geh:1)
  10 deep troll earth magi
  10 vampire magi
  A titan zombie (Geh:2)
  5 tengu warriors (Depths:1)
  13 death yaks
  Urug (Orc:1)
  5 spriggan berserkers
  6 orc high priests
  6 thrashing horrors (Abyss:5)
  8 soul eaters
  49 skeletal warriors
  A wretched star (Abyss:5)
  4 shadow wraiths
  11 sun demons
  47 hell knights
  8 large abominations
  Sonja (D:12)
  25 deep elf knights
  Nergalle (Orc:1)
  6 iron trolls
  A fire crab (shapeshifter) (Vaults:1)
  An anaconda zombie (Geh:2)
  A spatial maelstrom (Abyss:5)
  A spark wasp zombie (Crypt:1)
  2 unseen horrors (shapeshifter)
  3 storm dragon skeletons
  7 unseen horrors
  A titan skeleton (Geh:2)
  A deep troll (shapeshifter) (Vaults:5)
  2 ghost moth zombies
  3 sixfirhies
  17 sea snakes
  6 flayed ghosts
  2 shadow demons
  27 deep trolls
  A shadow dragon zombie (Geh:2)
  3 glowing orange brains
  Pikel (D:8)
  16 ironbrand convokers
  2 tengu zombies
  2 sphinx zombies
  21 necromancers
  19 deep elf archers
  A wolf spider zombie (D:13)
  4 wizards
  A lindwurm (Volcano)
  22 orb spiders
  28 harpies
  11 orc knights
  13 phantasmal warriors
  9 cyclopes
  7 orc sorcerers
  60 deep elf magi
  A fire giant zombie (Geh:1)
  A shining eye (Depths:1)
  40 wolf spiders
  15 manticores
  24 ugly things
  3 frost giant skeletons
  13 fauns
  3 centaur zombies
  8 water nymphs
  A stone giant zombie (Geh:2)
  3 ice statues
  A salamander (shapeshifter) (Vaults:2)
  31 moths of wrath
  2 dire elephant zombies (Geh:2)
  10 merfolk sirens
  2 shadow dragon skeletons (Geh:2)
  3 stone giant skeletons
  2 apocalypse crabs (Abyss:5)
  13 vault sentinels
  A shock serpent zombie (Geh:2)
  3 elephants (Lair:4)
  A fire giant skeleton (Depths:2)
  An iron dragon skeleton (Geh:2)
  5 smoke demons
  A torpor snail (Spider:1)
  An eye of devastation (Depths:1)
  9 black mambas
  4 molten gargoyles
  4 rust devils
  A gargoyle (D:12)
  A storm dragon simulacrum (Vaults:2)
  2 spiny frogs (shapeshifter)
  10 spiny frogs
  4 orange demons
  An elephant slug zombie (Crypt:1)
  A dire elephant skeleton (Geh:2)
  A green draconian zombie (Geh:1)
  3 human zombies
  An emperor scorpion zombie (Hell)
  35 yaktaurs
  4 hellions (Geh:2)
  10 komodo dragons
  2 rime drakes (Lair:2)
  A kobold demonologist (D:13)
  A hellwing (Depths:3)
  A spriggan zombie (Depths:2)
  3 tormentors (Geh:2)
  A yellow draconian zombie (Crypt:2)
  7 freezing wraiths
  3 yaktaurs (shapeshifter)
  9 ice devils
  11 red devils
  A white draconian skeleton (Crypt:1)
  A queen bee (shapeshifter) (Depths:5)
  5 tengu conjurers
  3 efreet
  31 guardian mummies
  19 demonic crawlers
  4 hydra zombies (Hell)
  16 trolls
  2 ancient zymes (Abyss:5)
  A death drake zombie (Crypt:2)
  44 jumping spiders
  5 polar bears (Lair:6)
  A tengu simulacrum (Vaults:2)
  A wind drake (Shoals:1)
  15 blink frogs
  3 meliai
  27 merfolk
  A polar bear (shapeshifter) (Vaults:3)
  27 hornets
  A dream sheep (shapeshifter) (Depths:2)
  11 bog bodies (Crypt:3)
  2 ettin zombies
  14 snapping turtles
  21 slime creatures
  2 ice dragon zombies
  A raiju (shapeshifter) (Depths:2)
  Prince Ribbit (D:5)
  4 raiju (Abyss:5)
  A fire dragon zombie (Hell)
  4 dream sheep (Shoals:3)
  9 hippogriffs
  A hydra skeleton (Geh:2)
  An ettin skeleton (Vaults:4)
  22 flying skulls
  3 spriggan skeletons
  6 shadows
  2 fire dragon skeletons (Geh:2)
  24 spriggans
  16 wraiths
  5 tarantellas (shapeshifter)
  An alligator skeleton (Hell)
  A redback (shapeshifter) (Vaults:5)
  A spriggan (shapeshifter) (Depths:5)
  2 ynoxinuls
  9 air elementals
  109 redbacks
  An elf skeleton (Depths:4)
  An ice dragon skeleton (Geh:2)
  18 water elementals
  28 tarantellas
  10 ushabtiu (Crypt:3)
  57 yaks
  2 wyverns
  12 fire bats
  19 fire elementals
  6 hogs
  3 humans
  2 chaos spawn
  2 steam dragons
  An elf simulacrum (Depths:4)
  4 hungry ghosts
  2 basilisks
  10 wargs
  19 vampire mosquitoes
  3 neqoxecs
  7 insubstantial wisps (Depths:4)
  2 spiny frog zombies (Geh:2)
  2 soldier ants
  An acid dragon (shapeshifter) (D:15)
  10 water moccasins
  12 porcupines
  4 black bears
  16 hell hounds
  55 orc warriors
  2 spiny frog skeletons
  Purgy (D:3)
  An ice beast (shapeshifter) (Depths:2)
  3 slaves (D:8)
  An eye of draining (D:14)
  A sky beast (shapeshifter) (Vaults:1)
  2 black bears (shapeshifter)
  A black mamba simulacrum (Hell)
  8 necrophages
  11 sky beasts
  A snapping turtle zombie (Hell)
  A fire dragon simulacrum (Crypt:1)
  3 ice beasts
  42 ogres
  A lindwurm zombie (Crypt:1)
  5 phantoms
  19 boggarts
  A snapping turtle skeleton (Crypt:3)
  26 wolves
  13 crocodiles
  25 centaurs
  A big kobold (D:13)
  An octopode zombie (Crypt:3)
  5 earth elementals
  13 bullfrogs
  A salamander skeleton (Crypt:2)
  3 wyvern zombies
  A gnoll sergeant (D:5)
  6 scorpions
  6 killer bees (D:7)
  23 wights
  11 electric eels
  9 howler monkeys
  20 crimson imps
  3 draconian simulacra (IceCv)
  9 lava snakes (Volcano)
  4 quasits
  3 iron imps
  3 jellies
  7 hounds
  A bullfrog skeleton (D:11)
  37 orc priests
  20 orc wizards
  5 centaur skeletons
  3 human skeletons (Crypt:1)
  2 iguanas
  Ijyb (D:3)
  3 polar bear simulacra (Lair:3)
  4 hell rats (Hell)
  4 lightning spires (Depths:4)
  3 troll simulacra (IceCv)
  12 worker ants
  2 wolf simulacra (Lair:3)
  A killer bee zombie (D:8)
  3 yak simulacra (Lair:3)
  A demigod zombie (Crypt:1)
  A naga zombie (Geh:2)
  2 centaur simulacra
  A naga skeleton (Geh:1)
  An acid dragon skeleton (Crypt:2)
  2 hound skeletons
  A hound zombie (D:8)
  9 mummies
  14 adders
  7 gnolls
  2 naga simulacra (IceCv)
  An ogre simulacrum (IceCv)
  6 shadow imps
  4 white imps
  2 ufetubi
  An adder zombie (Crypt:3)
  12 oozes
  An adder skeleton (D:8)
  A worm (D:2)
  A barachi zombie (Crypt:2)
  2 dart slugs
  24 leopard geckos
  131 orcs
  14 ball pythons (Sewer)
  20 bats
  26 giant cockroaches
  10 goblins
  10 hobgoblins
  11 jackals
  26 kobolds
  A quokka (D:8)
  11 frilled lizards
  A giant cockroach zombie (Crypt:1)
  2 hobgoblin skeletons
  A hobgoblin zombie (Crypt:2)
  A kobold skeleton (Geh:2)
  A kobold zombie (Geh:2)
  2 orc zombies
  10 rats
  3 river rat simulacra (Lair:3)
  4 crawling corpses
  A fire vortex (Geh:1)
  4 fungi
  A lurking horror (Abyss:5)
  9 plants
  7 starspawn tentacles (Abyss:5)
  4 tentacles
3148 creatures vanquished.

Vanquished Creatures (collateral kills)
  Frances (Shoals:2)
  A sphinx (Vaults:5)
  A vault warden (Vaults:1)
  A deep elf death mage (Vaults:5)
  6 vault guards (Vaults:5)
  A merfolk avatar (Shoals:3)
  A death knight (Vaults:5)
  A glowing orange brain (Vaults:1)
  An orc knight (Vaults:5)
  2 ironbrand convokers
  An orb spider (Spider:4)
  A harpy (Vaults:1)
  An orc sorcerer (Vaults:5)
  2 cyclopes
  A faun (Shoals:2)
  A merfolk siren (Shoals:4)
  2 water nymphs
  A jumping spider (Spider:4)
  A merfolk (Shoals:4)
  5 dream sheep (Shoals:3)
  A snapping turtle (Shoals:1)
  A tarantella (Spider:4)
  A fire elemental (Hell)
35 creatures vanquished.

Vanquished Creatures (others)
  2 ghost moths
  An emperor scorpion (Spider:4)
  A black draconian (Zot:2)
  A red draconian (Zot:2)
  A deep elf annihilator (Elf:3)
  An ettin (D:15)
  A vault guard (Vaults:5)
  An ogre mage (Depths:3)
  A hell hog (Geh:1)
  A sea snake (Shoals:1)
  An ironbrand convoker (Vaults:4)
  5 deep elf magi
  A molten gargoyle (Volcano)
  A fire giant skeleton (Geh:2)
  A merfolk (Shoals:1)
  A jumping spider (Spider:2)
  A slime creature (Depths:4)
  A hippogriff (Shoals:1)
  A shadow (Geh:2)
  A fire bat (Volcano)
  An orc warrior (Vaults:5)
  An ogre (Vaults:1)
  2 orc wizards
  A ball lightning (Depths:4)
  11 fungi
  10 plants
  5 starspawn tentacles (Abyss:5)
  9 tentacles
  A withered plant (Lair:1)
66 creatures vanquished.

Grand Total: 3249 creatures vanquished

Notes
Turn   | Place    | Note
-------+----------+-------------------------------------------
     0 | D:1      | poirepourri the Minotaur Fighter began the quest for the Orb.
     0 | D:1      | Reached XP level 1. HP: 19/19 MP: 0/0
    36 | D:1      | Reached XP level 2. HP: 26/26 MP: 1/1
   260 | D:1      | Reached XP level 3. HP: 31/31 MP: 2/2
   610 | D:2      | Reached skill level 5 in Axes
   710 | D:2      | Reached XP level 4. HP: 36/39 MP: 3/3
  1419 | D:3      | Noticed Purgy
  1428 | D:3      | Killed Purgy
  1428 | D:3      | Reached XP level 5. HP: 36/45 MP: 4/4
  1672 | D:3      | Reached XP level 6. HP: 51/51 MP: 5/5
  1719 | D:3      | Noticed Ijyb
  1724 | D:3      | Killed Ijyb
  2392 | D:4      | Found a hide-covered altar of Uskayaw.
  2488 | D:4      | Found a basalt altar of Yredelemnul.
  2563 | D:4      | Found Adyrch's Armour Boutique.
  2566 | D:4      | Bought a +1 scale mail of fire resistance for 176 gold pieces
  2588 | D:4      | Found a bloodstained altar of Trog.
  2845 | D:4      | Reached XP level 7. HP: 51/57 MP: 6/6
  2920 | D:4      | Found an opulent altar of Gozag.
  2920 | D:4      | Found a sparkling altar of Nemelex Xobeh.
  2999 | D:5      | Entered Level 5 of the Dungeon
  3060 | D:5      | Reached skill level 10 in Axes
  3092 | D:5      | Found Piungitt's Gadget Shoppe.
  3257 | D:5      | Found a burning altar of Makhleb.
  3272 | D:5      | Found a sacrificial altar of Ru.
  3490 | D:5      | Reached XP level 8. HP: 49/64 MP: 7/7
  3583 | D:5      | Noticed Prince Ribbit
  3596 | D:5      | Killed Prince Ribbit
  4027 | D:5      | Found a snail-covered altar of Cheibriados.
  4699 | D:6      | Found a glowing drain.
  4711 | Sewer    | Entered a sewer
  5289 | D:7      | Reached XP level 9. HP: 55/70 MP: 8/8
  5639 | D:7      | Found a staircase to the Ecumenical Temple.
  5652 | Temple   | Entered the Ecumenical Temple
  5787 | Temple   | Became a worshipper of Qazlal Stormbringer
  6410 | D:8      | Noticed a two-headed ogre
  6419 | D:8      | Killed a two-headed ogre
  6419 | D:8      | Reached skill level 15 in Axes
  6642 | D:8      | Noticed Pikel
  6656 | D:8      | Killed Pikel
  6656 | D:8      | Reached XP level 10. HP: 56/77 MP: 9/9
  7086 | D:9      | Reached * piety under Qazlal
  7186 | D:9      | Noticed a centaur warrior
  7198 | D:9      | Killed a centaur warrior
  7711 | D:9      | Found a staircase to the Orcish Mines.
  7741 | D:9      | Found a glowing silver altar of Zin.
  7744 | D:9      | Found a deep blue altar of Sif Muna.
  7880 | D:10     | Entered Level 10 of the Dungeon
  8219 | D:10     | Reached ** piety under Qazlal
  8234 | D:10     | Reached skill level 10 in Fighting
  8356 | D:10     | Found a staircase to the Lair.
  8362 | D:10     | Reached XP level 11. HP: 101/101 MP: 10/10
  8759 | D:11     | Killed an unseen horror
  8814 | D:11     | Noticed a cyan ugly thing
  8820 | D:11     | Killed an unseen horror
  8831 | D:11     | Killed a cyan ugly thing
  8929 | D:11     | Reached *** piety under Qazlal
  9598 | D:11     | Noticed Josephine
  9620 | D:11     | Killed Josephine
 10028 | D:11     | Reached **** piety under Qazlal
 10222 | Lair:1   | Entered Level 1 of the Lair of Beasts
 10251 | Lair:1   | Reached skill level 15 in Fighting
 10251 | Lair:1   | Reached XP level 12. HP: 116/119 MP: 11/11
 10266 | Lair:1   | Reached skill level 5 in Shields
 10399 | Lair:1   | Found a runed door.
 10402 | Lair:1   | Noticed iamserjio's ghost (journeyman TeHu)
 10867 | Lair:2   | Noticed Gastronok
 10884 | Lair:2   | Killed Gastronok
 11430 | Lair:2   | Reached skill level 10 in Shields
 12058 | Lair:2   | Found a staircase to the Shoals.
 12573 | Lair:3   | Found a hole to the Spider Nest.
 12609 | Lair:3   | Reached ***** piety under Qazlal
 13303 | Lair:4   | Reached XP level 13. HP: 105/126 MP: 12/12
 13309 | Lair:4   | Noticed Rupert
 13318 | Lair:4   | Paralysed by Rupert for 5 turns
 13338 | Lair:4   | Killed Rupert
 13804 | Lair:4   | Found a frozen archway.
 13810 | Lair:4   | Noticed Kirke
 13832 | Lair:4   | Killed Kirke
 13839 | IceCv    | Entered an ice cave
 14219 | IceCv    | Reached skill level 15 in Shields
 14641 | IceCv    | Reached skill level 5 in Armour
 15147 | Lair:5   | Found a staircase to the Slime Pits.
 15149 | Lair:5   | Found a viscous altar of Jiyva.
 15200 | Lair:5   | Reached skill level 1 in Dodging
 15274 | Lair:5   | Reached skill level 5 in Dodging
 15913 | Lair:6   | Entered Level 6 of the Lair of Beasts
 16211 | Lair:6   | Reached XP level 14. HP: 135/135 MP: 13/13
 16682 | Lair:6   | Reached ****** piety under Qazlal
 16697 | Lair:6   | Got a shimmering war axe
 16698 | Lair:6   | Identified the cursed +0 war axe of Exoneration {vamp, Str+9 Dex+3 SInv} (You found it on level 6 of the Lair of Beasts)
 16879 | Lair:6   | Reached skill level 10 in Dodging
 17740 | Orc:1    | Entered Level 1 of the Orcish Mines
 17759 | Orc:1    | Noticed Nergalle
 17785 | Orc:1    | Killed Nergalle
 17814 | Orc:1    | Noticed Urug
 17832 | Orc:1    | Killed Urug
 17940 | Orc:1    | Found Usmy's Distillery.
 17948 | Orc:1    | Bought a potion of curing for 42 gold pieces
 17948 | Orc:1    | Bought a potion of invisibility for 112 gold pieces
 17948 | Orc:1    | Bought a potion of invisibility for 112 gold pieces
 17948 | Orc:1    | Bought a potion of invisibility for 112 gold pieces
 17948 | Orc:1    | Bought a potion of agility for 56 gold pieces
 17948 | Orc:1    | Bought a potion of agility for 56 gold pieces
 18186 | Orc:1    | Found a dark tunnel.
 18308 | Volcano  | Entered a volcano
 18622 | Volcano  | Found a bloodstained altar of Trog.
 18979 | Orc:2    | Entered Level 2 of the Orcish Mines
 19598 | Orc:2    | Found a staircase to the Elven Halls.
 19656 | Orc:2    | Noticed an orc warlord
 19665 | Orc:2    | Found a roughly hewn altar of Beogh.
 19684 | Orc:2    | Killed an orc warlord
 19684 | Orc:2    | Reached XP level 15. HP: 140/141 MP: 8/14
 19714 | Orc:2    | Found Cifamnah's Jewellery Boutique.
 19896 | Orc:2    | Found Zublorch's Magic Scroll Shop.
 19903 | Orc:2    | Bought a scroll of teleportation for 48 gold pieces
 19903 | Orc:2    | Bought a scroll of fear for 56 gold pieces
 20118 | Orc:2    | Found a roughly hewn altar of Beogh.
 20122 | Orc:2    | Found Zeiheo's Gadget Boutique.
 20216 | Orc:2    | Found Beil's Gadget Shop.
 20508 | D:12     | Noticed Fannar
 20530 | D:12     | Killed Fannar
 20564 | D:12     | Noticed Sonja
 20568 | D:12     | Killed Sonja
 20568 | D:12     | Reached skill level 15 in Dodging
 21798 | D:13     | Found a gate to the Vaults.
 22127 | D:14     | Got a transparent war axe
 22128 | D:14     | Identified the +8 war axe of Fablagur {freeze, Stlth+} (You found it on level 14 of the Dungeon)
 22614 | D:14     | Found a portal to a secret trove of treasure.
 22843 | D:15     | Entered Level 15 of the Dungeon
 22887 | D:15     | Found an iron altar of Okawaru.
 22961 | D:15     | Reached XP level 16. HP: 122/149 MP: 15/15
 23262 | D:15     | Found a staircase to the Depths.
 23867 | Spider:1 | Entered Level 1 of the Spider Nest
 25054 | Spider:2 | Noticed Roxanne
 25074 | Spider:2 | Killed Roxanne
 25080 | Spider:2 | Identified Roxanne's Volume of Stones (You took it off Roxanne on level 2 of the Spider Nest)
 25582 | Spider:2 | Found a large runed door.
 25583 | Spider:2 | Found a large runed door.
 25586 | Spider:2 | Noticed Ajyxzof's ghost (adept MiBe)
 25755 | Spider:2 | Killed Ajyxzof's ghost
 25815 | Spider:3 | Reached XP level 17. HP: 156/166 MP: 16/16
 26346 | Spider:4 | Entered Level 4 of the Spider Nest
 26580 | Spider:4 | Reached skill level 1 in Invocations
 26739 | Spider:4 | Reached skill level 5 in Invocations
 27217 | Spider:4 | Got a gossamer rune of Zot
 27615 | Elf:1    | Entered Level 1 of the Elven Halls
 27685 | Elf:1    | Found Oplos's Magic Scroll Emporium.
 27993 | Elf:1    | Noticed Donald
 27999 | Elf:1    | Reached skill level 10 in Invocations
 28016 | Elf:1    | Killed Donald
 28016 | Elf:1    | Reached XP level 18. HP: 157/178 MP: 24/24
 28876 | Elf:2    | Found a huge runed gate.
 28876 | Elf:2    | Found a huge runed gate.
 28876 | Elf:2    | Found a huge runed gate.
 28877 | Elf:2    | Found a huge runed gate.
 28878 | Elf:2    | Found a huge runed gate.
 29409 | Shoals:1 | Entered Level 1 of the Shoals
 29426 | Shoals:1 | Noticed Nikola
 29496 | Shoals:1 | Killed Nikola
 29833 | Shoals:1 | You fall through a shaft!
 29975 | Shoals:2 | Noticed Frances
 30001 | Shoals:2 | Killed Frances
 30019 | Shoals:2 | Noticed Polyphemus
 30057 | Shoals:2 | Killed Polyphemus
 30278 | Shoals:2 | Reached skill level 15 in Invocations
 30413 | Shoals:2 | Found Jukhlokh's Magic Scroll Shop.
 30493 | Shoals:2 | Found Nusoham's Antique Weapon Boutique.
 30617 | Shoals:3 | Reached XP level 19. HP: 110/185 MP: 20/29
 31696 | Shoals:3 | Got a heavily runed chain mail
 31707 | Shoals:3 | Identified the cursed +1 chain mail "Guoga" {+Inv Int+4} (You found it on level 3 of the Shoals)
 31825 | Shoals:4 | Entered Level 4 of the Shoals
 31826 | Shoals:4 | Noticed Ilsuiw
 32219 | Shoals:4 | Killed Ilsuiw
 32479 | Shoals:4 | Identified the Disquisition on Igneous Weightlessness
 32655 | Shoals:4 | Got a barnacled rune of Zot
 33258 | Vaults:1 | Entered Level 1 of the Vaults
 33335 | Vaults:1 | Reached skill level 1 in Evocations
 33405 | Vaults:1 | Reached skill level 5 in Evocations
 34099 | Vaults:1 | Reached XP level 20. HP: 193/193 MP: 31/31
 34195 | Vaults:1 | Found a flickering gateway to a bazaar.
 34357 | Bazaar   | Entered a bazaar
 34361 | Bazaar   | Found Sitzot's General Store.
 34371 | Bazaar   | Bought a wand of iceblast (7) for 165 gold pieces
 34374 | Bazaar   | Found Maseirep's Antique Armour Boutique.
 34386 | Bazaar   | Bought a distressingly furry cloak for 294 gold pieces
 34386 | Bazaar   | Bought a polished ring mail for 279 gold pieces
 34386 | Bazaar   | Bought a polished chain mail for 294 gold pieces
 34386 | Bazaar   | Found Uhionogu's Magic Scroll Boutique.
 34396 | Bazaar   | Bought a scroll of acquirement for 676 gold pieces
 34396 | Bazaar   | Bought a scroll of teleportation for 39 gold pieces
 34396 | Bazaar   | Bought a scroll of blinking for 97 gold pieces
 34399 | Bazaar   | Found Vetruwora's Antique Weapon Emporium.
 34412 | Bazaar   | Found Pebb's Gadget Shop.
 34479 | Bazaar   | Identified the +2 cloak of the Abyss {Regen+} (You bought it in a shop in a bazaar)
 34504 | Bazaar   | Identified the +6 chain mail "Gubom" {rElec rC++ MR+ Dex-5} (You bought it in a shop in a bazaar)
 34526 | Bazaar   | Identified the +2 ring mail of Kiaphit {*Drain +Fly rC+} (You bought it in a shop in a bazaar)
 34553 | Bazaar   | Got a pair of faintly humming gloves
 34564 | Bazaar   | Identified the +1 pair of gloves of Wrong Decisions {rF+} (You acquired it in a bazaar)
 35089 | Vaults:2 | Reached skill level 10 in Evocations
 35551 | Vaults:2 | Found a glowing silver altar of Zin.
 36420 | Vaults:3 | Found Pularud Jank's Distillery.
 36428 | Vaults:3 | Bought a potion of curing for 54 gold pieces
 36428 | Vaults:3 | Bought 2 potions of curing for 108 gold pieces
 36428 | Vaults:3 | Bought a potion of curing for 54 gold pieces
 36428 | Vaults:3 | Bought a potion of curing for 54 gold pieces
 36428 | Vaults:3 | Bought a potion of might for 72 gold pieces
 36668 | Vaults:3 | Paralysed by a sphinx for 3 turns
 37417 | Vaults:3 | Found a staircase to the Crypt.
 37643 | Vaults:4 | Got a steaming scale mail
 37654 | Vaults:4 | Identified the +6 scale mail of Gravity {Int+4} (You acquired it on level 4 of the Vaults)
 37789 | Vaults:4 | Reached XP level 21. HP: 201/201 MP: 32/32
 38117 | Vaults:4 | Got a spiked scale mail
 38135 | Vaults:4 | Identified the +4 scale mail "Rugragam" {*Corrode rPois Dex+2} (You found it on level 4 of the Vaults)
 38775 | Vaults:5 | Entered Level 5 of the Vaults
 39298 | Elf:2    | Reached skill level 15 in Evocations
 39566 | Elf:3    | Entered Level 3 of the Elven Halls
 39907 | Elf:3    | Got a fine brass ring
 40215 | Elf:3    | Identified the ring "Refeypipn" {*Contam rPois AC+6 Str+4 Slay+3} (You took it off a deep elf death mage on level 3 of the Elven Halls)
 40303 | Elf:3    | Identified the Disquisition on Execration and Battle Magic
 40322 | Elf:3    | Found the cursed +13 scythe of Curses {drain, *Curse}
 40327 | Elf:3    | Identified the Papyrus of Fiery Translocation
 40410 | Elf:3    | Identified the Volume of the Shifting Blaze
 40421 | Elf:3    | Got a steaming steel ring
 40424 | Elf:3    | Identified the ring "Lafoatoa" {rN++ Int+5 Dex-4 SInv} (You found it on level 3 of the Elven Halls)
 40481 | Elf:3    | Got a faintly humming ring mail
 40492 | Elf:3    | Identified the cursed +1 ring mail of Duty {rN+ Int+4} (You found it on level 3 of the Elven Halls)
 41010 | Depths:1 | Entered Level 1 of the Depths
 41096 | Depths:1 | Noticed Sojobo
 41129 | Depths:1 | Killed Sojobo
 41397 | Depths:1 | Reached XP level 22. HP: 210/210 MP: 33/33
 41446 | Depths:1 | Found a gateway to Hell.
 41487 | Depths:1 | Found a runed door.
 41492 | Depths:1 | Found the +7 Kryia's mail coat {PotionHeal*2 rC+}
 41722 | Depths:1 | Found a one-way gate leading to the halls of Pandemonium.
 41808 | Depths:1 | Found a gateway to a ziggurat.
 41819 | Depths:1 | Gained mutation: Your body sometimes deteriorates upon taking damage. [a shining eye]
 41821 | Depths:1 | Lost mutation: Your body sometimes deteriorates upon taking damage. [potion of mutation]
 41821 | Depths:1 | Gained mutation: Your spells are a little harder to cast, but a little more powerful. [potion of mutation]
 41821 | Depths:1 | Gained mutation: You are partially covered in icy blue scales. (AC +2) [potion of mutation]
 41821 | Depths:1 | Lost mutation: Your spells are a little harder to cast, but a little more powerful. [potion of mutation]
 41821 | Depths:1 | Gained mutation: You are somewhat resistant to further mutation. [potion of mutation]
 41947 | Depths:2 | Found a corrupted altar of Lugonu.
 42299 | Depths:2 | Found Icve's Gadget Boutique.
 42369 | Depths:2 | Found a one-way gate to the infinite horrors of the Abyss.
 42542 | Depths:2 | Paralysed by a great orb of eyes for 3 turns
 43024 | Depths:3 | Gained mutation: Scrolls take you a little longer to read. [a cacodemon]
 43155 | Depths:3 | Found a runed gate.
 43156 | Depths:3 | Found a runed gate.
 43157 | Depths:3 | Found a runed gate.
 43159 | Depths:3 | Noticed Ozeaf's ghost (veteran DEHu)
 43484 | Depths:3 | Noticed a golden dragon
 43515 | Depths:3 | Killed a golden dragon
 43631 | Depths:3 | Noticed a caustic shrike
 43653 | Depths:3 | Killed a caustic shrike
 43672 | Depths:3 | Reached XP level 23. HP: 229/229 MP: 34/34
 43794 | Depths:3 | Identified the Almanac of Ashen Dislocation
 44117 | Depths:3 | Lost mutation: You are somewhat resistant to further mutation. [potion of mutation]
 44117 | Depths:3 | Lost mutation: Scrolls take you a little longer to read. [potion of mutation]
 44117 | Depths:3 | Gained mutation: Armour fits poorly on your strangely shaped body. [potion of mutation]
 44117 | Depths:3 | Gained mutation: You are partially covered in molten scales. (AC +2) [potion of mutation]
 44117 | Depths:3 | Gained mutation: You passively map a small area around you. [potion of mutation]
 44118 | Depths:3 | Lost mutation: Armour fits poorly on your strangely shaped body. [potion of mutation]
 44118 | Depths:3 | Lost mutation: You are partially covered in icy blue scales. (AC +2) [potion of mutation]
 44118 | Depths:3 | Gained mutation: You possess an exceptional clarity of mind. [potion of mutation]
 44118 | Depths:3 | Gained mutation: You expend magic power (3 MP) to strengthen your wands. [potion of mutation]
 44118 | Depths:3 | Gained mutation: Your mind is acute. (Int +2) [potion of mutation]
 44803 | Depths:4 | Found a runed door.
 45351 | Depths:5 | Entered Level 5 of the Depths
 45687 | Depths:5 | Noticed Louise
 45709 | Depths:5 | Killed Louise
 45907 | Depths:5 | Found a gate to the Realm of Zot.
 46456 | Depths:4 | Reached XP level 24. HP: 243/243 MP: 34/34
 46891 | Vaults:5 | Noticed an ancient lich
 47126 | Vaults:5 | Killed an ancient lich
 47433 | Vaults:5 | Reached skill level 10 in Armour
 47447 | Vaults:5 | Reached XP level 25. HP: 66/250 MP: 34/34
 47869 | Vaults:5 | Got a silver rune of Zot
 47960 | Vaults:5 | Identified the Tome of the Ensnaring Volcanoes
 48047 | Vaults:5 | Identified the Papyrus of Ashen Changing
 48119 | Vaults:5 | Found the +5 robe of Night {Dark MR+ SInv}
 48511 | Vaults:5 | Identified the Tome of Orientation
 48781 | Crypt:1  | Entered Level 1 of the Crypt
 48781 | Crypt:1  | Noticed Mara
 48794 | Crypt:1  | Killed Mara
 48794 | Crypt:1  | Reached skill level 15 in Armour
 49137 | Crypt:1  | Noticed Xtahua
 49147 | Crypt:1  | Killed Xtahua
 49569 | Crypt:2  | Noticed Mennas
 49571 | Crypt:2  | Noticed Bai Suzhen
 49581 | Crypt:2  | Killed Mennas
 49599 | Crypt:1  | Killed Bai Suzhen
 49825 | Crypt:2  | Paralysed by a vampire knight for 5 turns
 49845 | Crypt:2  | Noticed Boris
 49864 | Crypt:2  | Paralysed by a vampire knight for 6 turns
 49878 | Crypt:2  | Killed Boris
 50870 | Crypt:3  | Entered Level 3 of the Crypt
 52029 | Crypt:3  | Found a staircase to the Tomb.
 52100 | Crypt:3  | Paralysed by a sphinx for 4 turns
 52109 | Crypt:3  | Reached XP level 26. HP: 252/259 MP: 34/34
 52252 | Crypt:3  | Noticed a greater mummy
 52669 | Crypt:3  | Killed a greater mummy
 52820 | Crypt:3  | Identified Kikubaaqudgha's Tome of Evil Magic
 52841 | Crypt:3  | Identified The Advanced Guide to Casting
 53080 | Crypt:3  | Got a heavily runed granite ring
 53080 | Crypt:3  | Got a twitching jade ring
 53083 | Crypt:3  | Identified the ring "Vaecotet" {rN+ Dex+3} (You found it on level 3 of the Crypt)
 53084 | Crypt:3  | Identified the ring of Mikewurr {*Drain rElec rN+ Str+5 Int+3} (You found it on level 3 of the Crypt)
 53085 | Crypt:3  | Identified the ring "Muyfij" {rC+ rN+ Dex+3} (You found it on level 3 of the Crypt)
 53617 | Hell     | Entered the Vestibule of Hell
 53617 | Hell     | Noticed Geryon
 53625 | Hell     | Killed Geryon
 53630 | Hell     | Noticed Murray
 54907 | Depths:1 | Killed Murray
 55127 | Hell     | Found a gateway to the ashen valley of Gehenna.
 55174 | Hell     | Found a gateway to the Iron City of Dis.
 55279 | Hell     | Found a gateway to the decaying netherworld of Tartarus.
 55396 | Hell     | Found a gateway to the freezing wastes of Cocytus.
 55512 | Geh:1    | Entered Level 1 of Gehenna
 57962 | Zot:1    | Entered Level 1 of the Realm of Zot
 58025 | Zot:1    | Reached XP level 27. HP: 262/262 MP: 34/34
 59933 | Zot:4    | Noticed an orb of fire
 59961 | Zot:4    | Gained mutation: Your body sometimes deteriorates upon taking damage. [an orb of fire]
 59963 | Zot:4    | Gained mutation: You are frail. (-10% HP) [an orb of fire]
 59964 | Zot:4    | Killed an orb of fire
 61184 | Zot:5    | Entered Level 5 of the Realm of Zot
 61323 | Zot:5    | Noticed an ancient lich
 61334 | Zot:5    | Killed an ancient lich
 61405 | Zot:5    | Noticed an ancient lich
 61410 | Zot:5    | Killed an ancient lich
 61415 | Zot:5    | Noticed an ancient lich
 61419 | Zot:5    | Cast into level 5 of the Abyss (an ancient lich)
 61419 | Abyss:5  | Entered Level 5 of the Abyss
 61553 | Abyss:5  | Lost mutation: Your mind is acute. (Int +2) [a neqoxec]
 61598 | Abyss:5  | Paralysed by accursed screaming for 1 turns
 61605 | Abyss:5  | Paralysed by accursed screaming for 1 turns
 61620 | Abyss:5  | Noticed an ancient lich
 61623 | Zot:5    | Escaped the Abyss
 61638 | Zot:5    | Killed an ancient lich
 61651 | Zot:5    | Noticed an orb of fire
 61684 | Zot:5    | Killed an orb of fire
 62082 | Zot:5    | Noticed an ancient lich
 62093 | Zot:5    | Noticed an ancient lich
 62094 | Zot:5    | Killed an ancient lich
 62111 | Zot:5    | Killed an ancient lich
 62135 | Zot:5    | Noticed an ancient lich
 62149 | Zot:5    | Killed an ancient lich
 62157 | Zot:5    | Noticed an orb of fire
 62175 | Zot:5    | Killed an orb of fire
 62341 | Zot:5    | Noticed an orb of fire
 62362 | Zot:5    | Killed an orb of fire
 62498 | Zot:5    | Noticed an orb of fire
 62502 | Zot:5    | Noticed an ancient lich
 62513 | Zot:5    | Gained mutation: You are very frail. (-20% HP) [an orb of fire]
 62527 | Zot:5    | Gained mutation: Your magical capacity is low. (-10% MP) [an orb of fire]
 62528 | Zot:5    | HP: 2/212 [acid (11)]
 62533 | Zot:5    | HP: 5/212 [ancient lich (12)]
 62534 | Zot:5    | Slain by a purple draconian

Skill      XL: |  1  2  3  4  5  6  7  8  9 10 11 12 13 14 15 16 17 18 19 20 21 22 23 24 25 26 27 |
---------------+----------------------------------------------------------------------------------+-----
Axes           | 3 4 5 7 9 11 13 16 18 19 21 24 | 24.1
Fighting       | 10 15 18 20 24 25 | 25.5
Shields        | 12 15 18 25 | 25.5
Armour         | 7 11 19 | 19.5
Dodging        | 6 13 16 19 23 | 23.3
Invocations    | 10 15 17 | 17.0
Evocations     | 8 13 17 | 17.0

Action                   |  1- 3 |  4- 6 |  7- 9 | 10-12 | 13-15 | 16-18 | 19-21 | 22-24 | 25-27 || total
-------------------------+-------+-------+-------+-------+-------+-------+-------+-------+-------++-------
Melee: War axe           |    95 |   151 |   376 |   669 |  1446 |  1490 |  1846 |  1359 |  2448 ||  9880
       Headbutt          |    10 |    30 |    57 |   158 |   500 |   535 |   710 |   560 |  1077 ||  3637
Throw: Javelin           |       |       |       |       |       |    13 |       |       |       ||    13
Invok: Disaster Area     |       |       |       |       |     1 |     2 |     1 |     1 |     4 ||     9
       Upheaval          |       |       |       |       |       |     1 |       |       |     7 ||     8
       Elemental Force   |       |       |       |       |       |     3 |     8 |     5 |     1 ||    17
Evoke: Wand              |       |       |     4 |     9 |    29 |    24 |    36 |     8 |    17 ||   127
  Use: Scroll            |     5 |       |     8 |    15 |    19 |    16 |    19 |     3 |    33 ||   118
       Potion            |       |     1 |     4 |     4 |     9 |    21 |     4 |     8 |    24 ||    75
 Stab: Invisible         |       |       |       |       |       |    15 |       |       |       ||    15
       Distracted        |       |       |       |       |       |       |       |     7 |     2 ||     9
       Confused          |       |       |       |       |       |       |       |       |     1 ||     1
  Eat: Ration            |       |     2 |     4 |     6 |    10 |     5 |    13 |     6 |    15 ||    61
       Chunk             |       |       |       |     4 |     6 |     6 |     3 |       |       ||    19
Armor: Scale mail        |    50 |    68 |   141 |   118 |   122 |   250 |   202 |       |       ||   951
       Skin              |       |       |       |       |       |    62 |     2 |       |       ||    64
       Ring mail         |       |       |       |       |       |       |    22 |   296 |   413 ||   731
Dodge: Dodged            |    25 |    62 |   111 |   102 |   297 |   753 |   672 |   788 |  1353 ||  4163
       Deflected         |       |       |       |     1 |    17 |    24 |    47 |    26 |    31 ||   146
Block: Shield            |    54 |    67 |   176 |   377 |  1191 |  2115 |  2016 |  1767 |  2980 || 10743
